[Event "*** Titled Tuesday 3|2 Blitz"]
[Site "Chess.com"]
[Date "2016.01.05"]
[Round "7"]
[White "alex_zapata"]
[Black "chess4life23"]
[Result "1-0"]
[WhiteElo "2206"]
[BlackElo "2175"]
[TimeControl "180+2"]
[EndTime "18:26:09 PST"]
[Termination "alex_zapata won by resignation"]

1. e4 c5 2. Nf3 d6 3. d4 cxd4 4. Nxd4 Nf6 5. Nc3 a6 6. Bg5 e6 7. f4 Nbd7 8. Qf3 Qc7 9. O-O-O b5 10. Bd3 Bb7 11. Rhe1 Be7 12. Qg3 O-O 13. e5 dxe5 14.
fxe5 Nh5 15. Qh4 Bxg5+ 16. Qxg5 g6 17. g4 Ng7 18. h4 Nc5 19. h5 b4 20. Ne4 Bxe4 21. Bxe4 Nxe4 22. Rxe4 Rfd8 23. hxg6 hxg6 24. Rh1 Rac8 25. Rh2 Qb7 26. Rf4 b3 27. axb3 Rxd4 28. Rxd4 Qxb3 29. Rd8+ 1-0

[Event "*** Titled Tuesday 3|2 Blitz"]
[Site "Chess.com"]
[Date "2016.01.05"]
[Round "7"]
[White "Piccadilly123"]
[Black "Quiet_Desperation"]
[Result "0-1"]
[WhiteElo "1731"]
[BlackElo "2113"]
[TimeControl "180+2"]
[EndTime "18:27:04 PST"]
[Termination "Quiet_Desperation won by checkmate"]

1. e4 e6 2. d4 d5 3. exd5 exd5 4.
Bd3 Nc6 5. Ne2 Nb4 6. Nbc3 Nxd3+ 7. Qxd3 Nf6 8. Bg5 Be7 9. f3 O-O 10. O-O-O h6 11. Bh4 c6 12. Kb1 b5 13. g4 Nd7 14. Bxe7 Qxe7 15. h4 Nb6 16. Rdg1 b4 17.
Nd1 a5 18. g5 Ba6 19. Qf5 g6 20. Qf4 h5 21. Ng3 b3 22. axb3 a4 23. Nxh5 gxh5 24. g6 f6 25. g7 Rf7 26. Rg6 axb3 27. Rhg1 bxc2+ 28. Kxc2 Qe2+ 29. Kc1 Bd3 30. Ne3 Ra1# 0-1

[Event "*** Titled Tuesday 3|2 Blitz"]
[Site "Chess.com"]
[Date "2016.01.05"]
[Round "7"]
[White "ChessChronicles123"]
[Black "Satoshi95"]
[Result "1-0"]
[WhiteElo "1704"]
[BlackElo "2071"]
[TimeControl "180+2"]
[EndTime "18:27:22 PST"]
[Termination "ChessChronicles123 won on time"]

1. Nf3 Nf6 2. g3 d5 3. Bg2 c6 4. O-O Bf5 5. c4 e6 6. d3 h6 7.
Nc3 Nbd7 8. Re1 Be7 9. e4 dxe4 10. dxe4 Bg6 11. e5 Nh7 12. b3 Qc7 13. Bb2 O-O-O 14.
Qe2 Ng5 15. Nxg5 hxg5 16. Rad1 Rh7 17. Ne4 Nc5 18. Nd6+ Kb8 19. Bd4 Nd7 20. c5 Rdh8 21.
h3 f6 22. a4 fxe5 23. Bxe5 Nxe5 24. Qxe5 Bc2 25. Rd2 Bxb3 26. a5 Bf6 27. Qe3 Bd5 28.
a6 Bxg2 29. Kxg2 Rxh3 30. Rb1 Rh2+ 31. Kf3 b5 32. cxb6 Qe7 33. bxa7+ Ka8 34. Qb6 g4+ 35. Ke4 1-0

[Event "*** Titled Tuesday 3|2 Blitz"]
[Site "Chess.com"]
[Date "2016.01.05"]
[Round "7"]
[White "Carolina-moon"]
[Black "Cecile_Haussernot"]
[Result "0-1"]
[WhiteElo "2006"]
[BlackElo "2182"]
[TimeControl "180+2"]
[EndTime "18:27:31 PST"]
[Termination "Cecile_Haussernot won on time"]

1. e4 c5 2. Nc3 Nc6 3. Bb5 Nd4 4. Bc4 e6 5. Nf3 a6 6. a4 Qc7 7. O-O Nf6 8. d3 Be7 9. Be3 Nxf3+ 10. Qxf3 O-O 11. Rae1 d6 12. Qg3 Kh8 13. f4 Ne8 14. f5 Bf6 15. Bg5 Bd4+ 16. Kh1 f6 17. Bd2 Be5 18.
Qh3 exf5 19. Rf3 fxe4 20. Rf5 g6 21. Nd5 Bxf5 22. Nxc7 Bxh3 23. Nxa8 Bd7 24. dxe4 Bxa4 25. b3 Bc6 26. Nb6 Nc7 27. Bd5 Re8 28. c4 Kg7 29. Ba5 Bd4 30. Bxc6 bxc6 31. Nd7 Ne6 32. g3 Re7 33. Nb8 Rb7 34. Nxc6 Rxb3 0-1

[Event "*** Titled Tuesday 3|2 Blitz"]
[Site "Chess.com"]
[Date "2016.01.05"]
[Round "7"]
[White "DanielNaroditsky"]
[Black "LyonBeast"]
[Result "0-1"]
[WhiteElo "2548"]
[BlackElo "2764"]
[TimeControl "180+2"]
[EndTime "18:27:50 PST"]
[Termination "LyonBeast won by resignation"]

1. d4 Nf6 2. c4 g6 3. f3 e6 4. e4 d5 5. e5 Nh5 6. Nh3 c5 7. g4 Ng7 8. Bg5 Be7 9. Bxe7 Qxe7 10. cxd5 exd5 11. Nc3 cxd4 12. Qxd4 Nc6 13. Bb5 O-O 14. Nxd5 Nxd4 15. Nxe7+ Kh8 16. Be2 Re8 17. Nxc8 Rxe5 18.
Nd6 Rxe2+ 19. Kf1 Rxb2 20. Nxf7+ Kg8 21. Nh6+ Kf8 22. Ng5 Nge6 23. Nxe6+ Nxe6 24. h4 Rd8 25. g5 Rd3 26. Rh3 Nf4 27. Rg3 Rdd2 28. Rc1 Rf2+ 29.
Kg1 Rfc2 30. Rxc2 Rxc2 31. Rg4 Ne2+ 32. Kf1 Rxa2 33. Rc4 b5 34. Rc8+ Ke7 35. Rc7+ Ke6 36. Rxh7 b4 37. Rb7 a5 38. Rb6+ Kd5 39. Rxg6 b3 40.
Rb6 Ng3+ 41. Ke1 a4 42. Kd1 Kc5 43. Rb8 Rg2 44. g6 Nh5 45. Ng4 b2 46. Ne3 Rg1+ 47.
Kc2 a3 48. Rc8+ Kd4 49. Nf5+ Ke5 50. Rc5+ Kf4 51. Rb5 Rc1+ 52. Kd2 b1=Q 53. Rxb1 Rxb1 0-1

[Event "*** Titled Tuesday 3|2 Blitz"]
[Site "Chess.com"]
[Date "2016.01.05"]
[Round "7"]
[White "Penguininja"]
[Black "chesstatour"]
[Result "1-0"]
[WhiteElo "2142"]
[BlackElo "1919"]
[TimeControl "180+2"]
[EndTime "18:28:07 PST"]
[Termination "Penguininja won on time"]

1. d4 Nf6 2. c4 e5 3. dxe5 Ng4 4. Nh3 Nc6 5. Bf4 Bb4+ 6. Bd2 Qe7 7. e3 Ngxe5 8. Be2 O-O 9. O-O Ng6 10. a3 Bxd2 11. Qxd2 d6 12. Nf4 Nxf4 13. exf4 Qf6 14. Nc3 Be6 15.
Rad1 Rfe8 16. b3 Rad8 17. Bf3 a6 18. Rfe1 Na5 19. Ne4 Qf5 20. g4 Nxb3 21. gxf5 Nxd2 22. Rxd2 Bxc4 23. Rc1 b5 24. Ng3 d5 25. f6 g6 26.
f5 c5 27. fxg6 hxg6 28. h4 Re6 29. h5 Rxf6 30. Bg4 Rfd6 31. hxg6 fxg6 32. Re1 d4 33. Ne4 Rb6 34. Nxc5 d3 35. Re3 a5 36. Ne4 b4 37. axb4 axb4 38. Rb2 Bd5 39. Nd2 1-0

[Event "*** Titled Tuesday 3|2 Blitz"]
[Site "Chess.com"]
[Date "2016.01.05"]
[Round "7"]
[White "pedromartinez91"]
[Black "Gabrielian_Artur"]
[Result "0-1"]
[WhiteElo "2090"]
[BlackElo "2460"]
[TimeControl "180+2"]
[EndTime "18:28:45 PST"]
[Termination "Gabrielian_Artur won on time"]

1. e4 c5 2. Nf3 d6 3. Bb5+ Nd7 4. d4 cxd4 5. Qxd4 a6 6. Bxd7+ Bxd7 7. c4 e5 8. Qd3 h6 9. O-O Nf6 10. Nc3 Be7 11.
b3 O-O 12. Rd1 b5 13. cxb5 axb5 14. Nxb5 Bxb5 15. Qxb5 Nxe4 16. Qc6 Nc5 17. Be3 Rc8 18. Qd5 Ne6 19. b4 Qe8 20. a4 Nc7 21. Qb3 e4 22. Nd4 Bf6 23. b5 Ne6 24. Nxe6 fxe6 25. Rac1 d5 26. Bc5 Rf7 27. b6 d4 28. a5 Bg5 29.
Rc4 e3 30. fxe3 Bxe3+ 31. Kh1 Qc6 32. Rc2 d3 33. Qxd3 Bxc5 34. Rdc1 Rf5 35. h3 Rcf8 36. Qb3 Rf1+ 37. Rxf1 Rxf1+ 38. Kh2 Bd6+ 39. Qg3 Bxg3+ 40.
Kxg3 Qxc2 41. b7 Qf2+ 0-1

[Event "*** Titled Tuesday 3|2 Blitz"]
[Site "Chess.com"]
[Date "2016.01.05"]
[Round "7"]
[White "chessdude"]
[Black "LADIESGET2KNOWME"]
[Result "1/2-1/2"]
[WhiteElo "2354"]
[BlackElo "2296"]
[TimeControl "180+2"]
[EndTime "18:28:46 PST"]
[Termination "Game drawn by repetition"]

1. e4 e6 2. d4 d5 3. Nd2 Nf6 4. e5 Nfd7 5. Bd3 c5 6. c3 Nc6 7. Ne2 cxd4 8. cxd4 f6 9. exf6 Nxf6 10. Nf3 Bd6 11. O-O O-O 12. Bg5 Bd7 13. Rc1 Be8 14. Ng3 h6 15. Bd2 Nh5 16. Re1 Nxg3 17.
hxg3 Bh5 18. Bc3 Qf6 19. Re3 Rae8 20. Bb1 Bg6 21. Bxg6 Qxg6 22. Qe2 Re7 23. Re1 Rf6 24.
a3 a6 25. b4 Qf5 26. Bb2 Kh7 27. Nh4 Qg5 28. Qd3+ Kg8 29. Bc1 Qg4 30. Nf3 Qf5 31. Qxf5 exf5 32. Rxe7 Bxe7 33. Bf4 Kf7 34. Be5 Re6 35.
Rc1 Bf6 36. Bxf6 Kxf6 37. Rc5 Rd6 38. b5 axb5 39. Rxb5 Rd7 40. Rb6 Ke7 41. Kf1 Kd8 42.
Ke2 Kc7 43. Rb5 Kd6 44. Kd3 Re7 45. a4 g5 46. Nd2 Na7 47. Rb6+ Nc6 48. Nb3 Kc7 49.
Rb5 b6 50. Kd2 Rd7 51. Kc3 Na7 52. Rb4 Nc6 53. Rb5 Na7 54. Rb4 Nc6 55. Rb5 Na7 56. Rb4 Nc6 1/2-1/2

[Event "*** Titled Tuesday 3|2 Blitz"]
[Site "Chess.com"]
[Date "2016.01.05"]
[Round "7"]
[White "Silent_Terror"]
[Black "Assasin14"]
[Result "1-0"]
[WhiteElo "2599"]
[BlackElo "2000"]
[TimeControl "180+2"]
[EndTime "18:28:48 PST"]
[Termination "Silent_Terror won by checkmate"]

1. e4 c5 2. Nc3 Nc6 3. Bb5 Nd4 4. Nf3 g6 5. O-O Bg7 6. Nxd4 cxd4 7. Ne2 a6 8. Bd3 Nf6 9. c3 dxc3 10. dxc3 O-O 11. f3 d5 12. e5 Nd7 13. f4 Nc5 14. Nd4 Bg4 15. Qxg4 Nxd3 16. Qf3 Nc5 17. Be3 Rc8 18.
Rad1 e6 19. Ne2 Ne4 20. Ng3 Nxg3 21. Qxg3 Qa5 22. a3 Qb5 23. Rf2 Qb3 24. Re1 b5 25. Bd4 a5 26. Qf3 Qc4 27. g4 b4 28. axb4 axb4 29.
f5 bxc3 30. bxc3 Bh6 31. Ref1 Ra8 32. h4 Ra2 33. Rxa2 Qxa2 34. g5 Bg7 35. f6 Bh8 36. h5 Qd2 37. Qg4 h6 38. hxg6 Qxg5 39. Qxg5 hxg5 40. g7 Bxg7 41. fxg7 Kxg7 42. Kg2 Kg6 43. Kg3 Rh8 44. Rf6+ Kg7 45. Be3 Rh5 46. Rf2 g4 47. Bd4 Rg5 48. Rf4 Kh6 49. Rxf7 Rg6 50.
Rf6 Rxf6 51. exf6 Kg6 52. Kxg4 Kf7 53. Kg5 Kf8 54. Kg6 Kg8 55. f7+ Kf8 56. Bc5# 1-0

[Event "*** Titled Tuesday 3|2 Blitz"]
[Site "Chess.com"]
[Date "2016.01.05"]
[Round "7"]
[White "RitchieBlackmore"]
[Black "wonderfultime"]
[Result "1-0"]
[WhiteElo "2472"]
[BlackElo "2591"]
[TimeControl "180+2"]
[EndTime "18:28:52 PST"]
[Termination "RitchieBlackmore won by resignation"]

1. Nf3 d5 2. d4 Nf6 3. Bg5 Ne4 4. Bf4 c6 5. Nbd2 Bf5 6. e3 Qb6 7. Nxe4 Bxe4 8. Rb1 Nd7 9. Bd3 Bg6 10. O-O e6 11. Ne5 Qd8 12. Nxg6 hxg6 13. c3 Nb6 14.
h3 Bd6 15. Bxd6 Qxd6 16. e4 dxe4 17. Bxe4 O-O 18. Re1 Rfd8 19. Bf3 Rd7 20. Qe2 Rad8 21. Rbd1 Qc7 22. g3 Nd5 23. h4 Nf6 24. Qe5 Qb6 25.
Rd2 Ne8 26. Qe2 Nd6 27. Rdd1 Qa5 28. a3 Qa4 29. Rb1 Nf5 30. Kg2 Qb3 31. Qd1 Qb6 32.
b4 Qa6 33. a4 Qc4 34. Qb3 Qd3 35. a5 Nd6 36. Rbd1 Qf5 37. a6 bxa6 38. Re5 Qf6 39. Bxc6 Rc7 40. Bf3 Nb5 41. Rc5 Rcd7 42. Ra1 Rd6 43.
Bb7 Rb6 44. Bxa6 Nd6 45. Bd3 Rd7 46. Qd1 Qe7 47. Qf3 Ne8 48. h5 gxh5 49. Qxh5 g6 50. Qh3 Qf6 51. Rh1 Nc7 52. Be4 Kf8 53. Qh6+ Ke7 54.
Qe3 Kf8 55. Rh7 Kg8 56. Qh6 e5 57. dxe5 1-0

[Event "*** Titled Tuesday 3|2 Blitz"]
[Site "Chess.com"]
[Date "2016.01.05"]
[Round "7"]
[White "Hikaru"]
[Black "jcibarra"]
[Result "1-0"]
[WhiteElo "2886"]
[BlackElo "2525"]
[TimeControl "180+2"]
[EndTime "18:28:56 PST"]
[Termination "Hikaru won by resignation"]

1. d4 Nf6 2. Bf4 d6 3. e3 g6 4. Nf3 Bg7 5. h3 O-O 6. c4 Nfd7 7. Be2 e5 8. Bh2 Nc6 9. Nc3 f5 10. O-O g5 11. dxe5 dxe5 12. Ne1 e4 13. Nc2 Nce5 14. Qd5+ Kh8 15. Rad1 c6 16. Qd6 Qe8 17. Nd4 Rf6 18. Qc7 Bf8 19. Nb3 Rf7 20. Bh5 Ng6 21. Qg3 Bh6 22. Qd6 Nf6 23. Be2 Bf8 24. Qd8 Be6 25. Qxe8 Rxe8 26. Bd6 Bg7 27. Nd4 Bc8 28. c5 Nd7 29. b4 Nde5 30. Bh5 Nc4 31. Bb8 a6 32. Be2 Nge5 33. Na4 f4 34. Bxe5 Nxe5 35. Bh5 Ng6 36. Nb6 f3 37. Nxc8 Rxc8 38. gxf3 exf3 39. Nxf3 Rcf8 40. Nxg5 Rf5 41. f4 Ne7 42. Bg4 Rd5 43. Ne6 Rg8 44. Kf2 h5 45. Bf3 Rxd1 46. Rxd1 Bc3 47. Rd7 Nf5 48. Be4 Ng7 49. Ng5 Rf8 50.
Rxb7 1-0

[Event "*** Titled Tuesday 3|2 Blitz"]
[Site "Chess.com"]
[Date "2016.01.05"]
[Round "7"]
[White "FairChess_on_YouTube"]
[Black "Iball95"]
[Result "1-0"]
[WhiteElo "2740"]
[BlackElo "2407"]
[TimeControl "180+2"]
[EndTime "18:29:09 PST"]
[Termination "FairChess_on_YouTube won by checkmate"]

1. d4 Nf6 2. c4 e6 3. Nf3 c5 4. g3 cxd4 5. Nxd4 d5 6. Bg2 e5 7.
Nf3 d4 8. O-O Nc6 9. e3 Be7 10.
exd4 exd4 11. Bf4 O-O 12. Ne5 Qb6 13. Qb3 Na5 14. Qxb6 axb6 15. Nd2 Nh5 16. Nb3 Nxf4 17. gxf4 Bc5 18. Bd5 Be6 19. Bxe6 fxe6 20. Nxa5 bxa5 21. Rae1 Ra6 22. Nd3 Ba7 23. Re4 a4 24. Rfe1 Rf6 25. Re5 Rc6 26. b3 axb3 27. axb3 Bb8 28. R5e4 Ba7 29.
Kg2 h6 30. h4 Kh7 31. Kf3 g5 32. hxg5 hxg5 33. Rh1+ Rh6 34. Rxh6+ Kxh6 35. Re5 gxf4 36. Nxf4 Kg7 37. Rxe6 Rc7 38. Ke4 Rf7 39. Nd3 Rd7 40.
f4 Kf7 41. f5 Rd8 42. c5 Bb8 43. Rb6 Rd7 44. b4 Bh2 45. Rh6 Bg3 46. Rh7+ Ke8 47.
Rxd7 Kxd7 48. Kxd4 Bh4 49. Kd5 Bf6 50. b5 Kc7 51. b6+ Kd7 52. Ne5+ Kc8 53. Ke6 Bh4 54. f6 Kd8 55. f7 Be7 56. c6 Bf8 57. cxb7 Bd6 58. Nc6# 1-0

[Event "*** Titled Tuesday 3|2 Blitz"]
[Site "Chess.com"]
[Date "2016.01.05"]
[Round "7"]
[White "Alliswell998"]
[Black "AUSSIE_PINOY"]
[Result "1/2-1/2"]
[WhiteElo "2068"]
[BlackElo "2311"]
[TimeControl "180+2"]
[EndTime "18:29:10 PST"]
[Termination "Game drawn by repetition"]

1. e4 c5 2. Nc3 a6 3. Nf3 e6 4. d4 cxd4 5. Nxd4 Qc7 6. Be3 b5 7. Bd3 Bb7 8. O-O Nf6 9. f4 h5 10. Qe2 Ng4 11. Kh1 Nxe3 12. Qxe3 Bc5 13. Nce2 Nc6 14. c3 Ne7 15. Qg3 g6 16. Qg5 h4 17.
h3 Rh5 18. Qg4 f5 19. exf5 exf5 20. Nxf5 Rxf5 21. Bxf5 gxf5 22. Qh5+ Kf8 23. Nd4 Bxd4 24. cxd4 Qc6 25. Rf2 Qg6 26. Qxh4 Nd5 27. Re1 Nf6 28. Re5 Kf7 29. Qg5 Qxg5 30. fxg5 Ne4 31. Rfxf5+ Kg6 32. Rf4 Rc8 33. Rfxe4 Bxe4 34. Rxe4 Kxg5 35. Re2 Kf4 36.
Kh2 Rg8 37. a3 Rg7 38. d5 Rg5 39. d6 Rg6 40. Rd2 Ke5 41. h4 Ke4 42. Kh3 Ke3 43. Rd5 Kf2 44. g4 Re6 45. Rf5+ Ke3 46. h5 Rxd6 47. g5 Rd1 48. g6 Rh1+ 49. Kg4 Ke4 50. Rf2 Rg1+ 51. Kh4 d5 52. Rf7 d4 53. g7 d3 54. Re7+ Kf4 55. Rf7+ Ke4 56. Re7+ Kf4 57. Rf7+ Ke4 58. Re7+ Kf4 59. Rf7+ 1/2-1/2

[Event "*** Titled Tuesday 3|2 Blitz"]
[Site "Chess.com"]
[Date "2016.01.05"]
[Round "7"]
[White "spirals5"]
[Black "mateueasily"]
[Result "1-0"]
[WhiteElo "2228"]
[BlackElo "2315"]
[TimeControl "180+2"]
[EndTime "18:29:11 PST"]
[Termination "spirals5 won by resignation"]

1. e4 c5 2. Nc3 Nc6 3. g3 g6 4.
Bg2 Bg7 5. f4 d6 6. d3 e6 7. Nf3 Nge7 8. O-O O-O 9. Be3 b6 10.
Rb1 Qd7 11. d4 Ba6 12. Re1 Rfd8 13. a3 Na5 14. dxc5 dxc5 15. Qxd7 Rxd7 16. e5 Nc4 17. Bf2 Rad8 18. a4 h5 19. Bf1 Nf5 20. Bxc4 Bxc4 21. Rbd1 Kf8 22. b3 Ba6 23. Rxd7 Rxd7 24. Ne4 Bb7 25. h3 Ne7 26. Nfg5 Nf5 27. Kh2 Ke7 28.
g4 hxg4 29. hxg4 Nd4 30. Bxd4 Rxd4 31. Kg3 Bh6 32. Nd6 Bxg5 33. fxg5 Ba6 34. Re3 Rd1 35.
c4 Rf1 36. Rf3 Rxf3+ 37. Kxf3 Kf8 38. Kf4 Ke7 39. Ke4 Kf8 40. Kd3 Ke7 41. Kc3 Kf8 42. b4 cxb4+ 43. Kxb4 Ke7 44. a5 Kd7 45. axb6 axb6 46.
Nxf7 Ke7 47. Nh8 Bb7 48. Nxg6+ Kf7 49. Nf4 Bf3 50. Kb5 Bxg4 51. Kxb6 1-0

[Event "*** Titled Tuesday 3|2 Blitz"]
[Site "Chess.com"]
[Date "2016.01.05"]
[Round "7"]
[White "RobertoSuardi"]
[Black "MasterLeif"]
[Result "1-0"]
[WhiteElo "1962"]
[BlackElo "2336"]
[TimeControl "180+2"]
[EndTime "18:29:35 PST"]
[Termination "RobertoSuardi won by resignation"]

1. Nf3 d5 2. b3 Nf6 3. Bb2 g6 4. e3 Bg7 5. Be2 O-O 6. O-O c6 7. c4 a5 8. cxd5 cxd5 9. d4 Nc6 10. Nc3 Bg4 11. h3 Bxf3 12. Bxf3 e6 13. Ba3 Re8 14. Rc1 Bf8 15. Bxf8 Rxf8 16. Na4 Rc8 17. Qd2 Qd6 18. Rc5 Nd7 19. Rcc1 b5 20. Nc5 b4 21.
Nxd7 Qxd7 22. Rc5 Ne5 23. Rxc8 Nxf3+ 24. gxf3 Rxc8 25. Rc1 Kg7 26. Rc2 h5 27. Kg2 Rxc2 28.
Qxc2 Qb5 29. f4 h4 30. Qc7 a4 31. Qe5+ Kg8 32. Qd6 a3 33. Qd8+ Kg7 34. Qd6 Qe2 35. Qe5+ Kh7 36. Qc7 Kg8 37. Qb8+ Kh7 38. Qf8 Qxa2 39.
Qxf7+ Kh8 40. Qf6+ Kg8 41. Qxg6+ Kf8 42. Qf6+ Kg8 43.
Qxe6+ Kg7 44. Qe7+ Kg8 45. Qxb4 Qb2 46. Qb8+ Kf7 47.
Qc7+ Ke8 48. Qc8+ Ke7 49. Qc7+ Ke8 50. f5 Qb1 51. Qc6+ Kf8 52. Qd6+ Ke8 53. Qxa3 Qe4+ 54. Kh2 Qxf5 55. Qa8+ Kf7 56. Qb7+ Kg6 57. Qb6+ Kg7 58.
Qc7+ Kf8 59. Qf4 1-0

[Event "*** Titled Tuesday 3|2 Blitz"]
[Site "Chess.com"]
[Date "2016.01.05"]
[Round "7"]
[White "saraswathii"]
[Black "JusticeBot"]
[Result "0-1"]
[WhiteElo "1928"]
[BlackElo "2463"]
[TimeControl "180+2"]
[EndTime "18:29:38 PST"]
[Termination "JusticeBot won by resignation"]

1. e4 e5 2. d3 d5 3. exd5 Nf6 4. Nf3 Qxd5 5. Be2 Nc6 6. O-O Bg4 7. h3 Bh5 8. Nc3 Qd7 9. Nxe5 Nxe5 10. Bxh5 O-O-O 11. Bf4 Ng6 12. Bg5 Kb8 13. Ne4 Be7 14. Re1 Rhg8 15.
Bxg6 hxg6 16. Nxf6 gxf6 17. Bf4 g5 18. Bg3 f5 19.
Be5 g4 20. hxg4 Rxg4 21. Qe2 Bc5 22. d4 Qc6 23. f3 Bxd4+ 24. Bxd4 Rgxd4 25. Rad1 Qb6 26. Rxd4 Qxd4+ 27. Qe3 Qxb2 28. Qe7 Qd4+ 29. Kf1 f6 30. c3 Qd3+ 31. Kf2 a5 32. Qxf6 Rg8 33. Qd4 Qc2+ 34. Re2 Rxg2+ 35. Kxg2 Qxe2+ 36. Kg3 Qxa2 37. Qd8+ Ka7 38. Qxc7 Qd5 39. Kf4 a4 40. c4 Qd1 41.
Qa5+ Kb8 42. Qe5+ Kc8 43. Qxf5+ Kc7 44. Qc5+ Kb8 45. Qf8+ Ka7 46. Qc5+ b6 47. Qc7+ Ka6 48.
Qc8+ Ka7 49. Qc7+ Ka6 50. Qc8+ Ka5 51. Qc6 Qb3 52. Qd5+ Kb4 53. Qb5+ Kc3 54. Qe5+ Kxc4 55. Qe6+ Kc3 56. Qe5+ Kc2 57. Qe2+ Kb1 58. Qe1+ Ka2 59. Qe2+ Ka3 60. Qe7+ Qb4+ 61. Qxb4+ Kxb4 62. Ke3 a3 0-1

[Event "*** Titled Tuesday 3|2 Blitz"]
[Site "Chess.com"]
[Date "2016.01.05"]
[Round "7"]
[White "cheese111"]
[Black "HansCoolNiemann"]
[Result "1-0"]
[WhiteElo "2268"]
[BlackElo "2232"]
[TimeControl "180+2"]
[EndTime "18:29:50 PST"]
[Termination "cheese111 won by checkmate"]

1. e4 e6 2. d3 d5 3. Qe2 c5 4. Nf3 Nc6 5. g3 Bd6 6. exd5 Nce7 7.
dxe6 Bxe6 8. Bg2 Nf6 9. O-O O-O 10. Nc3 Ned5 11. Ne4 Be7 12. Bd2 Qb6 13. Neg5 Rae8 14. Nxe6 fxe6 15. c4 Nb4 16. Bc3 Bd6 17. d4 Nc6 18.
Rad1 e5 19. dxe5 Bc7 20. Qd3 Nxe5 21. Nxe5 Bxe5 22. Rfe1 Bxc3 23. Qxc3 Qc7 24. Rxe8 Rxe8 25. Qf3 b6 26. Qd3 Qe5 27. Qd2 Re7 28. Bf3 Rd7 29. Qc2 Rxd1+ 30. Bxd1 Qe1+ 31. Kg2 Ne4 32. Bf3 Nd2 33.
Bd5+ Kh8 34. Qd3 h6 35. Bf3 Nxf3 36. Qxf3 Qe5 37. Qc3 Qe4+ 38. Kh3 Kh7 39. b3 Kg6 40. a3 h5 41. b4 Kh7 42. bxc5 bxc5 43. a4 g5 44. Qe3 Qxe3 45. fxe3 Kg6 46. Kg2 Kf5 47. Kf3 Ke5 48. g4 h4 49. a5 h3 50.
a6 Kf6 51. Kg3 Ke5 52. Kxh3 Ke4 53. Kg3 Kxe3 54. h4 gxh4+ 55. Kxh4 Kd4 56. g5 Ke5 57. Kh5 Kd4 58. g6 Kxc4 59. g7 Kb3 60. g8=Q+ c4 61. Qd5 Kb4 62. Qb7+ Ka3 63. Qxa7 c3 64. Qc5+ Kb3 65.
Qxc3+ Kxc3 66. a7 Kb4 67. a8=Q Kc5 68. Kg4 Kd4 69. Kf5 Ke3 70. Qe4+ Kd2 71. Qf3 Kc2 72.
Ke4 Kd2 73. Qf2+ Kc1 74. Kd3 Kb1 75. Kc3 Ka1 76. Qb2# 1-0

[Event "*** Titled Tuesday 3|2 Blitz"]
[Site "Chess.com"]
[Date "2016.01.05"]
[Round "7"]
[White "tigra"]
[Black "AlexanderL"]
[Result "1/2-1/2"]
[WhiteElo "2301"]
[BlackElo "2595"]
[TimeControl "180+2"]
[EndTime "18:30:36 PST"]
[Termination "Game drawn - insufficient material"]

1. e4 e6 2. d4 d5 3. Nc3 Nf6 4. Bg5 dxe4 5. Nxe4 Nbd7 6. Nf3 Be7 7. Nxf6+ Bxf6 8. Be3 O-O 9. c3 b6 10. Bd3 Bb7 11.
Qe2 c5 12. Rd1 Qc7 13. Ba6 cxd4 14. Bxd4 Bxd4 15. Rxd4 Bxa6 16. Qxa6 Nc5 17. Qe2 Rad8 18. O-O Rxd4 19. Nxd4 Rd8 20. Rd1 h6 21. g3 Qb7 22.
Nb5 Rxd1+ 23. Qxd1 a6 24. Nd6 Qd7 25. Qd4 Na4 26.
c4 a5 27. b3 Nc5 28. f3 Qd8 29. Nf5 Qxd4+ 30. Nxd4 Nd3 31. Nb5 Kf8 32. Kf1 Ke7 33. Nc3 Kd6 34. Ke2 Nb4 35. Ke3 g5 36. Kd2 Nc6 37.
Ne4+ Ke5 38. Ke3 Nb4 39. f4+ gxf4+ 40. gxf4+ Kf5 41. Nd6+ Kg6 42. a4 Na6 43. Nc8 Nc5 44. Nxb6 Nxb3 45. Nd7 f6 46. c5 Kf7 47. c6 Ke7 48. Nxf6 Kd6 49. h4 Nc5 50. Ng4 h5 51. Nf6 Nxa4 52. Nxh5 Nb6 53. Nf6 Nc8 54. Kd4 Ne7 55. Ne4+ Kxc6 56. h5 Nf5+ 57. Ke5 Kd7 58. Nc5+ Ke7 59. Nxe6 Ne3 60. f5 Ng4+ 61. Kf4 Nf6 62. Ke5 Nxh5 63. Nc5 Nf6 64. Kd4 Ne8 65. Kc4 Nd6+ 66. Kd5 Nxf5 67. Na4 Nd6 68. Kc5 Ke6 69.
Kb6 Nc4+ 70. Kb5 Kd5 71. Nb6+ Nxb6 72. Kxa5 1/2-1/2

[Event "*** Titled Tuesday 3|2 Blitz"]
[Site "Chess.com"]
[Date "2016.01.05"]
[Round "7"]
[White "nijat_a"]
[Black "Smirnov_Pavel"]
[Result "1/2-1/2"]
[WhiteElo "2714"]
[BlackElo "2363"]
[TimeControl "180+2"]
[EndTime "18:30:45 PST"]
[Termination "Game drawn by repetition"]

1. d4 d5 2. Nf3 Nf6 3. c4 e6 4. g3 Be7 5. Bg2 O-O 6. O-O c6 7. Qc2 b6 8. Rd1 Bb7 9. b3 Nbd7 10. a4 c5 11. e3 Qc7 12. Nbd2 Rac8 13. Bb2 Rfd8 14. a5 dxc4 15. axb6 axb6 16. bxc4 Ra8 17. Qb3 h6 18. h4 Bc6 19. Rdc1 Qb7 20. Ne1 Bxg2 21.
Nxg2 Qc6 22. Nf4 cxd4 23. exd4 Bd6 24. d5 Qb7 25. dxe6 Bxf4 26. Rxa8 Rxa8 27. exf7+ Kh8 28. gxf4 Nc5 29. Qf3 Rf8 30. Qxb7 Nxb7 31. Bxf6 gxf6 32. Rb1 Rxf7 33. Rxb6 Nc5 34. Kg2 Rd7 35. Nb3 Nd3 36.
c5 Nxf4+ 37. Kf3 Ng6 38. c6 Rd3+ 39. Ke4 Rc3 40. Nd4 Ne7 41. Rb7 Nxc6 42. Rc7 f5+ 43. Nxf5 Rc4+ 44. Kd5 Rf4 45. Ke6 Nd4+ 46. Nxd4 Rxd4 47.
h5 Rf4 48. Rc2 Kg7 49. Ke5 Rh4 50. Rc7+ Kg8 51. f4 Rxh5+ 52. Kf6 Ra5 53. Rc8+ Kh7 54. Re8 h5 55. f5 h4 56. Re4 h3 57. Rh4+ Kg8 58. Rxh3 Ra6+ 59. Kg5 Kf7 60. Rh7+ Kf8 61.
Rb7 Kg8 62. Kf4 Kf8 63. Rd7 Ke8 64. Rh7 Kf8 65. Kg5 Rb6 66. Rh8+ Kf7 67. Rc8 Kg7 68. Rc7+ Kf8 69. f6 Rb1 70. Rc8+ Kf7 71. Rc7+ Kf8 72. Rc8+ Kf7 73. Rc7+ Kf8 74. Rc8+ Kf7 75. Rc7+ Kf8 76.
Rc8+ Kf7 77. Rc7+ Kf8 1/2-1/2

[Event "*** Titled Tuesday 3|2 Blitz"]
[Site "Chess.com"]
[Date "2016.01.05"]
[Round "7"]
[White "MinhGTrAn"]
[Black "Aygehovit1992"]
[Result "1-0"]
[WhiteElo "2547"]
[BlackElo "2383"]
[TimeControl "180+2"]
[EndTime "18:30:54 PST"]
[Termination "MinhGTrAn won by resignation"]

1. d4 d6 2. Bf4 g6 3. e3 Bg7 4. Nf3 Nd7 5. h3 c6 6. Bh2 Ngf6 7. Be2 O-O 8. O-O a5 9. c4 Ne4 10. Nbd2 f5 11. Qc2 Ndf6 12. Bd3 Nxd2 13. Nxd2 Qe8 14. c5 d5 15. Rfb1 Ne4 16. Nf3 h6 17. Ne5 e6 18. a3 a4 19. Qd1 g5 20. f3 Nf6 21. Bc2 Nd7 22. f4 Nxe5 23. dxe5 Qe7 24.
Qd4 Ra5 25. Bxa4 Rxc5 26. b4 Rc4 27. Qd2 gxf4 28. Bxf4 Qc7 29. Bb3 Re4 30. Bc2 Rxe5 31. Re1 Qe7 32. Rac1 Re4 33. Bxe4 fxe4 34. Rf1 e5 35.
Bg3 Bf5 36. b5 Bd7 37. a4 d4 38. Qc2 Rxf1+ 39. Rxf1 Qg5 40. Bf2 Bxh3 41. Be1 dxe3 42. Kh2 Bf5 43. Qc4+ Kh7 44. Bg3 Qh5+ 45. Kg1 Qg5 46.
Kh2 Bg6 47. bxc6 bxc6 48. Qxc6 e2 49. Re1 Qh5+ 50. Kg1 Qg5 51. Kh2 h5 52. Rxe2 h4 53. Bf2 Qf4+ 54. Kg1 Qg4 55. Re3 Qd1+ 56. Re1 Qg4 57.
Qc3 Bf5 58. Qh3 Qxh3 59. gxh3 Bxh3 60. a5 Bc8 61. Rxe4 Kg6 62. Rc4 Bb7 63. a6 Bf3 64. a7 Kf5 65. Rc7 Bf6 66. Rc8 h3 67. Rf8 h2+ 68. Kxh2 Ke6 69. Bh4 Bxh4 70. Rxf3 e4 71. Rb3 Bf2 72. a8=Q 1-0

[Event "*** Titled Tuesday 3|2 Blitz"]
[Site "Chess.com"]
[Date "2016.01.05"]
[Round "7"]
[White "zanbato17"]
[Black "Jahonas"]
[Result "1-0"]
[WhiteElo "2251"]
[BlackElo "2104"]
[TimeControl "180+2"]
[EndTime "18:31:09 PST"]
[Termination "zanbato17 won by checkmate"]

1. d4 c5 2. d5 Nf6 3. c4 d6 4. Nc3 e6 5. e4 exd5 6. cxd5 a6 7. a4 Nbd7 8. Bd3 Ne5 9. Nf3 Nxd3+ 10. Qxd3 Be7 11.
O-O O-O 12. Bf4 Bg4 13. Nd2 Nd7 14. f3 Bh5 15. Nc4 Nb6 16. a5 Nxc4 17. Qxc4 Bg5 18.
Bxg5 Qxg5 19. Qe2 f5 20. exf5 Rxf5 21. Rae1 Re5 22. Qf2 Rxe1 23. Rxe1 Re8 24. Rxe8+ Bxe8 25. h3 Qe5 26. Qe2 Qd4+ 27. Kh2 Bf7 28. Qe4 h6 29.
Kg3 Qd2 30. Qe7 Qxb2 31. Ne4 Bxd5 32. Nxd6 c4 33. Qe8+ Kh7 34. Qh5 Qd2 35. Qf5+ Kg8 36. Qc8+ Kh7 37. Qf5+ Kh8 38. Qf8+ Bg8 39. Ne4 Qd5 40.
Qc8 Qe5+ 41. Kf2 Qd4+ 42. Kg3 Qd5 43. Qc7 Qc6 44. Qxc6 bxc6 45. Kf4 Bd5 46. Nc5 c3 47. Ke3 Bc4 48. Na4 c2 49. Kd2 Bf1 50. Nc5 Bxg2 51.
Nxa6 Bxf3 52. Nc5 Be2 53. Kxc2 Bf1 54. Kd2 Kh7 55. Ke1 Bb5 56. Kf2 g5 57. Ke3 Kg6 58.
Ke4 h5 59. a6 Bxa6 60. Nxa6 Kf6 61. Nc5 Ke7 62. Nd3 g4 63. h4 Kd6 64. Nf4 g3 65.
Kf3 c5 66. Nxh5 c4 67. Nxg3 Ke5 68. Ne4 Kf5 69. Nc3 Kg6 70. Kg4 Kh6 71. h5 Kh7 72.
Kg5 Kg7 73. Ne4 Kh8 74. Kg6 Kg8 75. h6 Kh8 76. h7 c3 77. Nd6 c2 78. Nf7# 1-0